[Event "*** Titled Tuesday Blitz"]
[Site "Chess.com"]
[Date "2018.11.06"]
[Round "9"]
[White "BvsN"]
[Black "abubakrtagelsir"]
[Result "1-0"]
[WhiteElo "2219"]
[BlackElo "2354"]
[TimeControl "180+2"]
[EndTime "15:08:39 PST"]
[Termination "BvsN won by resignation"]

1. d4 d5 2. c4 c6 3. Nc3 Nf6 4. e3 a6 5. Qc2 b5 6. b3 g6 7. Bd3 Bg7 8. Nf3 O-O 9. O-O b4 10.
Na4 Nbd7 11. Bd2 a5 12. Rfc1 Bb7 13. cxd5 cxd5 14. Qc7 Ba6 15. Bxa6 Rxa6 16. Qxd8 Rxd8 17. Rc2 Ne4 18. Rac1 Raa8 19. Rc7 e5 20. dxe5 Nxd2 21. Nxd2 Nxe5 22. Nf3 Nxf3+ 23. gxf3 d4 24. exd4 Bxd4 25. Nc5 Bxc5 26. R1xc5 Rd2 27. Rc2 Rad8 28. Kg2 Kg7 29. R7c5 Rxc2 30. Rxc2 Rd5 31. f4 h5 32. Kf3 Kf6 33. Ke4 Rb5 34. Rc6+ Kg7 35. Ra6 Rc5 36. Kd4 Rf5 37. Ke4 Rc5 38. Kd4 Rf5 39. Ke4 h4 40. h3 Rc5 41. Kd4 Rc3 42. Rxa5 Rxh3 43. Ke4 Rh1 44.
Kf3 Rg1 45. Rg5 Ra1 46. Rg4 Rxa2 47. f5 h3 48. Rxb4 h2 49. Kg2 Rxf2+ 50. Kh1 Rxf5 51.
Kxh2 Kf6 52. Kg3 Rc5 53. Rf4+ Kg7 54. b4 Rc3+ 55. Kf2 Rb3 56. Ke2 g5 57. Rc4 Kg6 58. Kd2 f5 59. Kc2 Re3 60. b5 Re8 61. b6 Rb8 62. Rb4 Rb7 63. Kd3 g4 64. Ke3 Kg5 65.
Kf2 f4 66. Rb5+ Kh4 67. Rb4 f3 68. Rb5 Rf7 69. b7 g3+ 70. Ke3 g2 71. Kf2 g1=Q+ 72. Kxg1 Rf8 73. b8=Q Rxb8 74. Rxb8 Kg3 75. Kf1 Kf4 76. Kf2 1-0

[Event "*** Titled Tuesday Blitz"]
[Site "Chess.com"]
[Date "2018.11.06"]
[Round "9"]
[White "TST2014"]
[Black "Bryakin_Mikhail"]
[Result "0-1"]
[WhiteElo "2516"]
[BlackElo "2698"]
[TimeControl "180+2"]
[EndTime "15:08:47 PST"]
[Termination "Bryakin_Mikhail won on time"]

1. d4 d5 2. c4 c6 3. Nf3 Nf6 4.
Qc2 a6 5. g3 b5 6. c5 g6 7. Bg2 Bf5 8. Qb3 Bxb1 9. Rxb1 Nbd7 10. a4 Bg7 11. Ra1 O-O 12. O-O Ne4 13. Bf4 Re8 14. Qc2 e5 15. Nxe5 Nxe5 16. Bxe4 Nc4 17. Bd3 Bxd4 18. axb5 axb5 19. Rxa8 Qxa8 20. b3 Ne5 21.
Bxe5 Bxe5 22. e3 Qa3 23. h4 b4 24. h5 Kg7 25. Kg2 Bc3 26. e4 Qa5 27. exd5 Qxc5 28. dxc6 Qxc6+ 29. Kg1 Qf3 30. Qd1 Qf6 31. Qg4 Re5 32.
hxg6 hxg6 33. Kg2 Rg5 34. Qh4 Bd4 35. f4 Qc6+ 36. Rf3 Rh5 37. Qe7 Qc1 38. Rf1 Qb2+ 39.
Qe2 Qxb3 40. Rb1 Qd5+ 41. Qe4 Qd6 42. Kf3 Bc3 43. Rd1 Qd7 44. Bc2 Qh3 45. Qe2 Ra5 46.
Bb3 Qh5+ 47. Kf2 Qh2+ 48. Kf3 Qh5+ 49. Kf2 Qc5+ 50. Qe3 Qxe3+ 51. Kxe3 Ra3 52. Rb1 Kf6 53. g4 Ra8 54. Kd3 Rd8+ 55. Ke4 Rd4+ 56. Ke3 Rd2 57. Rd1 Rb2 58. Bc4 Rg2 59. Rd7 g5 60. Rxf7+ Kg6 61. f5+ Kh6 62. Be2 b3 63. Rb7 b2 64. Kd3 Bf6 65. Bf3 Rg3 66. Ke4 Rg1 67. Rb6 b1=Q+ 68.
Rxb1 Rxb1 69. Kd5 Re1 70. Be4 Kg7 71. Bf3 Re5+ 72. Kc4 Re3 73. Bd1 Be5 74. Kd5 Kf6 75.
Kc4 Ba1 76. Kb4 Ke5 0-1

[Event "*** Titled Tuesday Blitz"]
[Site "Chess.com"]
[Date "2018.11.06"]
[Round "9"]
[White "mishanick"]
[Black "Alexander_Moskalenko"]
[Result "1-0"]
[WhiteElo "2935"]
[BlackElo "2868"]
[TimeControl "180+2"]
[EndTime "15:09:01 PST"]
[Termination "mishanick won by resignation"]

1. d4 Nf6 2. c4 g6 3. Nc3 Bg7 4. e4 O-O 5. h3 d6 6. Be3 c5 7. d5 e6 8. Nf3 exd5 9. exd5 Re8 10. Bd3 Rxe3+ 11. fxe3 Qe7 12. O-O Nbd7 13. Qd2 Bh6 14. Rae1 a6 15. Kh1 b5 16. cxb5 Nb6 17. bxa6 Nbxd5 18. Nxd5 Nxd5 19. Bxg6 hxg6 20. Qxd5 Rxa6 21. a3 Rb6 22. b4 Bb7 23. Qd2 Be4 24. Rc1 Ra6 25. Qc3 Bg7 26. Qc4 Rxa3 27. bxc5 dxc5 28. Qxc5 Qxc5 29.
Rxc5 Bf8 30. Re5 Rxe3 31. Re8 Kg7 32. Rc1 Re2 33. Re1 Rxe1+ 34. Nxe1 Bc6 35. Rc8 Bb7 36. Rb8 Be4 37. Re8 Bc6 38. Re2 Bb5 39. Rb2 Bc6 40.
Nd3 Be4 41. Nf2 Bd5 42. Rd2 Bb7 43. Rd7 Bc6 44. Rc7 Bd5 45. Ng4 Be6 46. Ne3 Bd6 47. Rc6 Bf4 48. Nc4 Bd5 49. Rc5 Be6 50. Kg1 Bb8 51.
Kf1 Ba7 52. Rc6 Bd5 53. Rc7 Bb8 54. Rc8 Bf4 55. Rc5 Bb7 56. Kf2 Bb8 57. Ra5 Bc6 58.
Ne3 Be4 59. g3 Bc7 60. Rb5 Bd3 61. Rb7 Be5 62. Re7 Bb8 63. Kf3 Bb5 64. Kf2 Bd3 65.
Rb7 Be5 66. Kf3 Ba1 67. Rb3 Bf5 68. Nxf5+ gxf5 69. Kf4 Kg6 70. Rb5 Bc3 71. Rxf5 Bd2+ 72. Kg4 Be1 73. Rf3 Bd2 74. Rf2 Be3 75. Re2 Bg5 76. h4 f5+ 77. Kh3 Bc1 78. Re6+ Kh5 79.
Rc6 Bd2 80. Kg2 Kg4 81. Rc2 Be3 82. Rc8 Bc1 83. Rg8+ Kh5 84. Kf3 Bd2 85. Rd8 Bc1 86. Rd6 Ba3 87. Rf6 f4 88. Rf5+ Kh6 89. Rxf4 Kg6 90.
Ra4 Kh6 91. Rxa3 1-0

[Event "*** Titled Tuesday Blitz"]
[Site "Chess.com"]
[Date "2018.11.06"]
[Round "9"]
[White "Keaton87"]
[Black "JonahWillow"]
[Result "0-1"]
[WhiteElo "2471"]
[BlackElo "2678"]
[TimeControl "180+2"]
[EndTime "15:09:27 PST"]
[Termination "JonahWillow won by checkmate"]

1. Nf3 c5 2. c4 Nc6 3. Nc3 Nf6 4. e3 g6 5. d4 cxd4 6. exd4 d5 7. cxd5 Nxd5 8. Qb3 e6 9. Nxd5 Qxd5 10. Qxd5 exd5 11.
Bb5 Bg7 12. Bxc6+ bxc6 13. Be3 Bf5 14. Rc1 Kd7 15. Kd2 Rab8 16. b3 a5 17. Rc3 a4 18.
Rhc1 Rb6 19. Ne5+ Bxe5 20. dxe5 Ra6 21. b4 Rb8 22. Bc5 Re8 23. f4 Be4 24. g3 Ke6 25. a3 Kf5 26. Bd6 d4 27. Rc4 Bd5 28. Rxd4 Rb6 29. Kd3 Ke6 30. Rc5 Ra8 31. Rdxd5 cxd5 32. Kd4 Ra7 33. Rxd5 Rc6 34. Bc5 Rd7 35. Rxd7 Kxd7 36. Kd5 h5 37. h3 Rc8 38. b5 Kc7 39. g4 Rd8+ 40. Kc4 hxg4 41. hxg4 Rd1 42. f5 gxf5 43. gxf5 Re1 44. Kd5 Rd1+ 45. Bd4 Rf1 46. b6+ Kb7 47. f6 Rd1 48. Kc5 Rc1+ 49. Kd6 Rd1 50. Kc5 Rc1+ 51. Kb5 Rd1 52. Bc5 Re1 53. e6 Rxe6 54. Be7 Rxb6+ 55. Kxa4 Kc6 56. Ka5 Rb3 57. a4 Rb8 58. Ba3 Kd7 59. Be7 Ke6 60. Ka6 Kd5 61. a5 Kc6 62. Ka7 Rb7+ 63.
Ka6 Rb8 64. Ka7 Rb7+ 65. Ka6 Rd7 66. Bb4 Rd8 67. Ka7 Kb5 68. Bc3 Rd7+ 69. Kb8 Rd3 70.
Be5 Kxa5 71. Kc7 Rd5 72. Bd6 Kb5 73. Kd7 Rd2 74. Ke7 Kc6 75. Bf4 Rd7+ 76. Ke8 Ra7 77. Kf8 Kd5 78. Kg7 Ke6 79. Bd2 Ra2 80.
Bg5 Rg2 81. Kh6 Rh2+ 82. Kg7 Rh5 83. Bd2 Rf5 84. Bc3 Rg5+ 85. Kh6 Rg3 86. Bb2 Kf5 87. Ba1 Rh3+ 88. Kg7 Ke6 89. Bb2 Rg3+ 90. Kh6 Rg6+ 91.
Kh5 Kf5 92. Kh4 Kf4 93. Kh3 Kf3 94. Kh4 Rg2 95. Bc3 Kf4 96. Kh5 Rh2# 0-1

[Event "*** Titled Tuesday Blitz"]
[Site "Chess.com"]
[Date "2018.11.06"]
[Round "9"]
[White "enriquetejedor"]
[Black "RichardLeyvaP"]
[Result "0-1"]
[WhiteElo "2510"]
[BlackElo "2505"]
[TimeControl "180+2"]
[EndTime "15:11:11 PST"]
[Termination "RichardLeyvaP won by checkmate"]

1. d4 Nf6 2. c4 g6 3. h4 Bg7 4. h5 Nxh5 5. Rxh5 gxh5 6. e3 c5 7. dxc5 Na6 8. Qxh5 Qa5+ 9. Nd2 Qxc5 10. Qg4 Rg8 11. Bd3 d6 12. Qe2 Be6 13. a3 Qg5 14. g3 Nc5 15. Bc2 Bg4 16. Qf1 Qh5 17. Ra2 O-O-O 18. b4 Ne6 19. Be4 Ng5 20. Bg2 Kb8 21. f3 Bc8 22. Ne2 Ne6 23. Kf2 Qg6 24. Bb2 h5 25. Qb1 f5 26. Bxg7 Rxg7 27. Qh1 h4 28.
Qxh4 Rh7 29. Nf4 Qf7 30. Nxe6 Rxh4 31. Nxd8 Qf6 32. gxh4 Qxh4+ 33. Ke2 Qg3 34. Bf1 Qg8 35. Nxb7 Bxb7 36. Kd3 e5 37. Rc2 Qg1 38. Ke2 f4 39.
exf4 exf4 40. Rc3 Qh2+ 41. Kd1 Qf2 42. Be2 Kc7 43. Rd3 Bc6 44. b5 Bb7 45. Nb3 Qg1+ 46. Kd2 Qb1 47. Nd4 Qb2+ 48. Kd1 Qb1+ 49. Kd2 Qb2+ 50.
Ke1 Qc1+ 51. Kf2 Qh1 52. Ne6+ Kd7 53. Nxf4 Qh2+ 54. Ke3 Qg1+ 55. Kd2 Qg5 56. Rd4 Kc7 57. Kc2 Qe5 58. Bd3 Bc8 59. Nd5+ Kb8 60. Re4 Qh2+ 61. Re2 Qh3 62. Be4 Be6 63. Nf4 Qh6 64. Nxe6 Qxe6 65. Bd3 Qf6 66. Kb3 Qxf3 67. Rd2 Kc7 68.
a4 Qe3 69. Rd1 Kb6 70. Kb4 Qc5+ 71. Kc3 Ka5 72. Bc2 Qe3+ 73. Rd3 Qe1+ 74. Kb2 Kb4 75. Rb3+ Kxc4 76. Bd3+ Kc5 77. Bc2 Qe5+ 78. Kb1 Qf4 79. a5 Qf1+ 80. Kb2 Qf6+ 81. Kb1 Qf1+ 82. Kb2 Qf6+ 83.
Ka2 Qf7 84. b6 axb6 85. axb6 Qb7 86. Kb2 d5 87. Bd3 Kd4 88. Ba6 Qxa6 89. b7 Qe2+ 90. Ka3 Qa6+ 91. Kb2 Qe2+ 92. Kb1 Qf1+ 93. Ka2 Qf2+ 94.
Rb2 Qe1 95. b8=Q Qa5+ 96. Kb1 Qe1+ 97. Kc2 Qe2+ 98. Kb3 Qd3+ 99. Ka4 Qa6+ 100. Kb4 Qc4+ 101. Ka5 Qc5+ 102. Ka6 Qa3+ 103. Kb7 Qxb2+ 104. Kc8 Qxb8+ 105. Kxb8 Kc3 106. Kc7 d4 107. Kc6 d3 108. Kb5 d2 109. Ka4 d1=Q+ 110. Ka3 Qa1# 0-1

[Event "*** Titled Tuesday Blitz"]
[Site "Chess.com"]
[Date "2018.11.06"]
[Round "10"]
[White "tteshan"]
[Black "Caterpiller35"]
[Result "1-0"]
[WhiteElo "2139"]
[BlackElo "2256"]
[TimeControl "180+2"]
[EndTime "15:13:23 PST"]
[Termination "tteshan won by resignation"]

1. e4 c5 2. c3 g6 3. d4 cxd4 4. cxd4 d5 5. e5 Bg7 6. Nc3 Nc6 7. Nf3 Bg4 8. Be2 e6 9. h3 Bxf3 10. Bxf3 Nge7 11. O-O O-O 12. Be3 f6 13. exf6 Bxf6 14. Qd2 Bg7 15. Rfe1 Rxf3 16. gxf3 Nf5 17. Ne2 Qh4 18. Nf4 Qxh3 19. Nxh3 1-0

[Event "*** Titled Tuesday Blitz"]
[Site "Chess.com"]
[Date "2018.11.06"]
[Round "10"]
[White "Shivagami"]
[Black "JeremDev"]
[Result "0-1"]
[WhiteElo "2027"]
[BlackElo "2211"]
[TimeControl "180+2"]
[EndTime "15:14:11 PST"]
[Termination "JeremDev won by resignation"]

1. d4 Nf6 2. Bf4 c5 3. e3 cxd4 4. exd4 b6 5. c4 Bb7 6. Nc3 d6 7. Nf3 e6 8. Be2 Be7 9. O-O O-O 10. h3 Re8 11. Qc2 Nbd7 12. Rad1 Nf8 13. Bh2 Ng6 14. Nd2 Rc8 15. b3 d5 16. cxd5 Nxd5 17. Nc4 Nxc3 18. Qxc3 b5 19. Bf3 Bxf3 20. Qxf3 bxc4 0-1

[Event "*** Titled Tuesday Blitz"]
[Site "Chess.com"]
[Date "2018.11.06"]
[Round "10"]
[White "NTBT_DHS"]
[Black "VerdeNotte"]
[Result "0-1"]
[WhiteElo "2754"]
[BlackElo "2834"]
[TimeControl "180+2"]
[EndTime "15:14:16 PST"]
[Termination "VerdeNotte won by resignation"]

1. d4 Nf6 2. c4 g6 3. Nf3 Bg7 4. Nc3 O-O 5. e4 d6 6. Be2 Nbd7 7. O-O e5 8. d5 Nc5 9. Qc2 a5 10. h3 Nh5 11. Bg5 f6 12. Be3 f5 13.
Ng5 f4 14. Bxc5 Qxg5 15. Ba3 Bxh3 16. g3 Nxg3 17. Kh2 Qh4 18. Rh1 Bf1+ 0-1

[Event "*** Titled Tuesday Blitz"]
[Site "Chess.com"]
[Date "2018.11.06"]
[Round "10"]
[White "BvsN"]
[Black "Boorchess"]
[Result "1-0"]
[WhiteElo "2232"]
[BlackElo "2432"]
[TimeControl "180+2"]
[EndTime "15:15:01 PST"]
[Termination "BvsN won by checkmate"]

1. d4 e5 2. dxe5 Nc6 3. Nf3 Qe7 4. Nc3 Nxe5 5. e4 Nf6 6. Bg5 h6 7. Nd5 Nxf3+ 8. Qxf3 Qd6 9. Nxf6+ gxf6 10. Bxf6 Rg8 11. Bd3 Qb6 12. O-O-O Bc5 13. Bc4 d6 14. h3 Be6 15. Bxe6 fxe6 16. Qh5+ Kd7 17. Qf7+ Kc6 18. Qxe6 Rae8 19. Qd5+ Kd7 20. Qf5+ Re6 21. Qh7+ Kc6 22. Qxg8 Rxf6 23. Qe8# 1-0

[Event "*** Titled Tuesday Blitz"]
[Site "Chess.com"]
[Date "2018.11.06"]
[Round "10"]
[White "Lagmantr"]
[Black "Pudor"]
[Result "0-1"]
[WhiteElo "2497"]
[BlackElo "2345"]
[TimeControl "180+2"]
[EndTime "15:15:08 PST"]
[Termination "Pudor won by resignation"]

1. e4 c5 2. Nf3 Nc6 3. Nc3 e6 4. Bb5 Nge7 5. O-O a6 6. Bxc6 Nxc6 7. d4 cxd4 8. Nxd4 Qc7 9. Re1 Bd6 10. h3 Be5 11. Nxc6 dxc6 12. Qg4 O-O 13. f4 Bd4+ 14. Kh1 e5 15. f5 Bxc3 16. f6 Bxg4 0-1

[Event "*** Titled Tuesday Blitz"]
[Site "Chess.com"]
[Date "2018.11.06"]
[Round "10"]
[White "norwaytoadog"]
[Black "SimonKnightRivendell"]
[Result "1-0"]
[WhiteElo "2141"]
[BlackElo "1947"]
[TimeControl "180+2"]
[EndTime "15:16:29 PST"]
[Termination "norwaytoadog won by resignation"]

1. e4 c6 2. d4 d5 3. e5 Bf5 4.
Nf3 e6 5. Be2 c5 6. Be3 Nc6 7. O-O Nge7 8. c4 cxd4 9. Nxd4 Nxe5 10.
cxd5 Qxd5 11. Nb5 Qc6 12. Nd6+ Kd7 13. Nxf7+ Kc7 14. Nxe5 Qd5 15. Bf4 Kc8 16. Qa4 Nc6 17.
Nxc6 Qxc6 18. Rc1 Bc5 19. Qxc6+ bxc6 20. Rxc5 Kb7 21. Na3 1-0

[Event "*** Titled Tuesday Blitz"]
[Site "Chess.com"]
[Date "2018.11.06"]
[Round "10"]
[White "VladimirPotkin"]
[Black "vugarrasulov"]
[Result "0-1"]
[WhiteElo "2642"]
[BlackElo "2786"]
[TimeControl "180+2"]
[EndTime "15:17:06 PST"]
[Termination "vugarrasulov won by resignation"]

1. e4 c5 2. Nf3 d6 3. d4 cxd4 4.
Nxd4 Nf6 5. Nc3 Nc6 6. Bg5 e6 7.
Qd2 a6 8. O-O-O Bd7 9. f3 b5 10. Nxc6 Bxc6 11. Kb1 Qc7 12. Ne2 Be7 13. Nd4 Bb7 14.
g4 h6 15. Be3 Nd7 16. h4 Ne5 17. Be2 Rc8 18. g5 h5 19. Rhe1 g6 20. b3 O-O 21.
Bd3 d5 22. Bf4 Bd6 23. exd5 Bxd5 24. Bxb5 Nxf3 25. Nxf3 Bxf4 26. Qf2 axb5 27. Nd4 Bg3 0-1

[Event "*** Titled Tuesday Blitz"]
[Site "Chess.com"]
[Date "2018.11.06"]
[Round "10"]
[White "AsaHoffmann"]
[Black "volcanoexplorer"]
[Result "0-1"]
[WhiteElo "2072"]
[BlackElo "2452"]
[TimeControl "180+2"]
[EndTime "15:17:08 PST"]
[Termination "volcanoexplorer won by resignation"]

1. d4 Nf6 2. Bg5 d5 3. Bxf6 exf6 4. e3 f5 5. c4 Be6 6. cxd5 Bxd5 7. Nc3 Bb4 8. Ne2 O-O 9. Nf4 Bc6 10. Bd3 g6 11. h4 h5 12. Qb3 Qd6 13. O-O-O Bxc3 14. bxc3 a5 15. c4 a4 16. Qc3 Na6 17. c5 Qf6 18. Bc4 Nxc5 19. Bxf7+ Qxf7 20. Qxc5 Qxa2 21. Nxg6 Rf6 22. Ne5 Be4 23. f3 Rb6 24. Qc4+ Qxc4+ 25. Nxc4 Rc6 26. fxe4 Rxc4+ 27. Kd2 fxe4 28. Rc1 Rxc1 29. Rxc1 a3 30. Ra1 Kf7 31. Kc3 Ke6 32. Ra2 Kd5 33. Kb4 c6 34. Rxa3 Rxa3 35. Kxa3 Kc4 36. Ka4 Kd3 37. Ka5 Kxe3 0-1

[Event "*** Titled Tuesday Blitz"]
[Site "Chess.com"]
[Date "2018.11.06"]
[Round "10"]
[White "ShadyH9"]
[Black "BillForster"]
[Result "1-0"]
[WhiteElo "2262"]
[BlackElo "1725"]
[TimeControl "180+2"]
[EndTime "15:17:09 PST"]
[Termination "ShadyH9 won by checkmate"]

1. d4 d5 2. c4 c6 3. Nf3 Nf6 4. Qc2 g6 5. Bf4 Bg7 6. e3 O-O 7. Nc3 Bf5 8. Qb3 Qc8 9. h3 h5 10. Rc1 dxc4 11. Bxc4 Nbd7 12. O-O Nb6 13. Be2 Nfd5 14.
Bg3 Nxc3 15. bxc3 Qd7 16. Ne5 Qd5 17. c4 Qa5 18. Bf3 Rad8 19. e4 Bc8 20. c5 Nd7 21. Nxg6 Rfe8 22. Bxh5 Bxd4 23. Nh4 Nxc5 24. Qxf7+ Kh8 25.
Ng6# 1-0

[Event "*** Titled Tuesday Blitz"]
[Site "Chess.com"]
[Date "2018.11.06"]
[Round "10"]
[White "2Tilted"]
[Black "ddtru"]
[Result "0-1"]
[WhiteElo "2397"]
[BlackElo "2328"]
[TimeControl "180+2"]
[EndTime "15:17:14 PST"]
[Termination "ddtru won by resignation"]

1. d4 d5 2. c4 c6 3. Nf3 Nf6 4. e3 Bg4 5. h3 Bxf3 6. Qxf3 e6 7. Nc3 Be7 8. Bd3 Nbd7 9. O-O O-O 10. Qd1 a6 11. b3 Qc7 12. f4 dxc4 13. bxc4 b5 14. c5 Nd5 15. Ne2 f5 16. g4 g6 17. Ng3 Bh4 18. Qf3 Kh8 19. g5 Bxg3 20. Qxg3 Qa5 21. h4 Qc3 22. h5 Rg8 23. hxg6 Rxg6 24. Kg2 Qxd3 25. Rh1 Qe4+ 26. Kf2 Qxh1 0-1

[Event "*** Titled Tuesday Blitz"]
[Site "Chess.com"]
[Date "2018.11.06"]
[Round "10"]
[White "vovachesss"]
[Black "Chessialist"]
[Result "1-0"]
[WhiteElo "2480"]
[BlackElo "2545"]
[TimeControl "180+2"]
[EndTime "15:17:15 PST"]
[Termination "vovachesss won by resignation"]

1. d4 Nf6 2. Nc3 d5 3. Bg5 Bf5 4. f3 e6 5. e4 dxe4 6. fxe4 Bg6 7. e5 Nc6 8. exf6 gxf6 9. Be3 Bb4 10. Nf3 Qd5 11.
Qd2 Bxc3 12. Qxc3 O-O-O 13. b3 Qe4 14. O-O-O Ne7 15. Bf2 Nd5 16. Qd2 Nb4 17. Bd3 Nxd3+ 18. Qxd3 Qc6 19. Qd2 Be4 20. Kb2 Rhg8 21. Bg3 Bxf3 22.
gxf3 Qxf3 23. Rhf1 Qd5 24. Rxf6 Rd7 25. Rdf1 Rg7 26.
Qc3 h5 27. Be5 b6 28. Qc4 Qxc4 29. bxc4 Rh7 30. h4 Kb7 31. Kc3 c5 32. dxc5 bxc5 33.
Rb1+ Kc6 34. Rb8 Rg7 35. Rc8+ Kb6 36. Rf1 Rg2 37. Rb1+ Ka6 38. Rc6+ Ka5 39. Rxc5+ Ka6 40. Bc7 1-0

[Event "*** Titled Tuesday Blitz"]
[Site "Chess.com"]
[Date "2018.11.06"]
[Round "10"]
[White "gmjlh"]
[Black "dhanushbharadwaj"]
[Result "1-0"]
[WhiteElo "2628"]
[BlackElo "2480"]
[TimeControl "180+2"]
[EndTime "15:17:19 PST"]
[Termination "gmjlh won by checkmate"]

1. d4 Nf6 2. c4 g6 3. g3 Bg7 4. Bg2 O-O 5. Nc3 c5 6. dxc5 Na6 7. Nh3 Nxc5 8. O-O d6 9. Nf4 Rb8 10. h3 a6 11. Bd2 b5 12. cxb5 axb5 13. b4 Na6 14.
Rb1 e5 15. Nfd5 Nxd5 16. Nxd5 Be6 17. Rc1 Qd7 18. Kh2 Rfc8 19. Rxc8+ Rxc8 20. Nb6 Qc7 21. Nxc8 Qxc8 22. a4 Nc7 23. axb5 Nxb5 24. Qc1 Qb8 25. e3 d5 26. Qc6 e4 27. Rc1 Be5 28. Rc5 Nd6 29. Rxd5 Bxd5 30. Qxd5 Qb5 31. Qxb5 Nxb5 32. Bxe4 Bc3 33. Bxc3 Nxc3 34. Bd3 Kf8 35. Kg2 Ke7 36. Bc4 f5 37. f4 Kd6 38. Bg8 h6 39. Kf3 g5 40. fxg5 hxg5 41. h4 gxh4 42. gxh4 Ne4 43. Kf4 Nf6 44. Bc4 Ng4 45. Bd3 Nf2 46. Bxf5 Ke7 47. b5 Kf6 48. b6 Nh3+ 49. Bxh3 Kg6 50.
b7 Kh5 51. b8=Q Kh6 52. Qf8+ Kg6 53. Bf5+ Kh5 54. Qh8# 1-0

[Event "*** Titled Tuesday Blitz"]
[Site "Chess.com"]
[Date "2018.11.06"]
[Round "10"]
[White "TheBigBadChessDad"]
[Black "wadsy27"]
[Result "0-1"]
[WhiteElo "2284"]
[BlackElo "2359"]
[TimeControl "180+2"]
[EndTime "15:17:22 PST"]
[Termination "wadsy27 won by resignation"]

1. d4 Nf6 2. Nf3 c5 3. c3 b6 4.
Bg5 Bb7 5. Bxf6 gxf6 6. g3 e6 7. Bg2 Bg7 8. O-O Qc7 9. Nh4 Bxg2 10. Kxg2 d5 11. e3 Nd7 12. f4 f5 13. a4 h5 14. Nd2 Bf6 15. Ndf3 Ke7 16. Kf2 c4 17. b3 cxb3 18. Qxb3 Rhc8 19. Rfc1 Qc4 20. Qa3+ Ke8 21. Nd2 Qd3 22. Nhf3 Be7 23. Qb3 Nf6 24. Qb5+ Qxb5 25. axb5 Rc7 26. h4 Rac8 27. Nb1 Ne4+ 28. Kg2 f6 29. Nfd2 Nxd2 30. Nxd2 Rxc3 31. Rxc3 Rxc3 32. Rxa7 Rc2 0-1

[Event "*** Titled Tuesday Blitz"]
[Site "Chess.com"]
[Date "2018.11.06"]
[Round "10"]
[White "TigranLPetrosyan"]
[Black "ShadowJolteon"]
[Result "0-1"]
[WhiteElo "2816"]
[BlackElo "2410"]
[TimeControl "180+2"]
[EndTime "15:17:29 PST"]
[Termination "ShadowJolteon won by resignation"]

1. e4 c6 2. Nc3 d5 3. d4 dxe4 4. Nxe4 Bf5 5. Ng3 Bg6 6. Nf3 Nd7 7. h4 h6 8. h5 Bh7 9. Bd3 Bxd3 10. Qxd3 e6 11. Bf4 Qa5+ 12. Bd2 Bb4 13. c3 Be7 14. Ne4 Ngf6 15. c4 Qa6 16. Nxf6+ Nxf6 17. Qc2 b5 18. Ne5 O-O 19. g4 Rfd8 20. g5 hxg5 21. h6 Rxd4 22. hxg7 Re4+ 23. Kf1 Kxg7 24. Bc3 b4 25. f3 Rxc4 26. Rh7+ Nxh7 27. Nxc4+ bxc3 28. b3 Bf6 29. Rd1 Rd8 30. Rxd8 Bxd8 31. Qxc3+ Bf6 32.
Qd2 Qb5 33. Kf2 Qd5 34. Qc2 Nf8 35. Kg3 Ng6 36. Ne3 Qe5+ 37. Kf2 Qh2+ 38. Ng2 Nf4 39.
Kf1 Qh1+ 0-1

[Event "*** Titled Tuesday Blitz"]
[Site "Chess.com"]
[Date "2018.11.06"]
[Round "10"]
[White "GMSrinath"]
[Black "LastGladiator1"]
[Result "1-0"]
[WhiteElo "2815"]
[BlackElo "2635"]
[TimeControl "180+2"]
[EndTime "15:17:44 PST"]
[Termination "GMSrinath won by resignation"]

1. d4 Nf6 2. Bg5 e6 3. e4 h6 4. Bxf6 Qxf6 5. c3 d6 6. Bd3 Bd7 7. Ne2 Nc6 8. O-O e5 9. Na3 g5 10. Nb5 Qd8 11. Bc4 a6 12. Na3 h5 13. Nc2 Qf6 14. Ne3 Ne7 15. Ng3 exd4 16. cxd4 Bg7 17. e5 dxe5 18. dxe5 Qxe5 19. Re1 O-O-O 20. Nd5 Qxb2 21.
Rb1 Qa3 22. Nxe7+ Kb8 23. Rb3 Qc5 24. Bxa6 b6 25. Rd3 1-0

[Event "*** Titled Tuesday Blitz"]
[Site "Chess.com"]
[Date "2018.11.06"]
[Round "10"]
[White "Gr3egor"]
[Black "OK97"]
[Result "0-1"]
[WhiteElo "2496"]
[BlackElo "2727"]
[TimeControl "180+2"]
[EndTime "15:17:44 PST"]
[Termination "OK97 won by resignation"]

1. d4 Nf6 2. c4 e6 3. Nc3 Bb4 4. Qc2 d5 5. Nf3 O-O 6. a3 Be7 7. Bf4 b6 8. cxd5 exd5 9. e3 a6 10. Bd3 Bb7 11. O-O Nbd7 12. Rac1 c5 13. dxc5 bxc5 14.
Rfd1 h6 15. Bf5 Bc6 16. Ne5 Nxe5 17. Bxe5 Re8 18. Ne2 Nd7 19. Bg3 Nf8 20. b4 g6 21.
Bh3 c4 22. e4 Bg5 23. Rb1 Rxe4 24. Nc3 Re8 25. Bg4 d4 26. f4 d3 27. Qd2 Bf6 28. Bf2 h5 29. Bf3 Bxf3 30. gxf3 Ne6 31. Ne4 Bg7 32. Rbc1 Rc8 33. a4 Nd4 34. Bxd4 Qxd4+ 35. Kg2 f5 36. Nc3 Bh6 0-1

[Event "*** Titled Tuesday Blitz"]
[Site "Chess.com"]
[Date "2018.11.06"]
[Round "10"]
[White "CarlssonLudvig"]
[Black "Quiet_Desperation"]
[Result "1-0"]
[WhiteElo "2286"]
[BlackElo "2325"]
[TimeControl "180+2"]
[EndTime "15:17:47 PST"]
[Termination "CarlssonLudvig won by resignation"]

1. e4 Nc6 2. Nf3 d6 3. d4 Nf6 4. Bd3 e5 5. c3 Bg4 6. Be3 Be7 7.
O-O O-O 8. Re1 Re8 9. Nbd2 a6 10.
h3 Bh5 11. Nf1 Bg6 12. Ng3 exd4 13. cxd4 Nb4 14. Bb1 c5 15. d5 a5 16. Nh4 b5 17.
Nhf5 a4 18. h4 Bf8 19. h5 Bxf5 20. Nxf5 Rxe4 21. Bxe4 Nxe4 22. Qg4 Nf6 23. Nh6+ Kh8 24. Nxf7+ Kg8 25. Nh6+ Kh8 26. Nf7+ Kg8 27. Qxb4 cxb4 28.
Nxd8 Rxd8 29. Bg5 Kf7 30. Bxf6 Kxf6 31. f3 Kf7 32. Rac1 Rd7 33. Rc6 Be7 34. Rb6 Bf6 35. Rxb5 Bxb2 36. Rxb4 Bc3 37. Rf4+ Bf6 38. Rxa4 Rc7 39.
g4 h6 40. Rae4 Be5 41. Rxe5 dxe5 42. Rxe5 Rc2 43. a4 Ra2 44. Re4 Rd2 45. a5 Rxd5 46. Ra4 Rd7 47. a6 Ra7 48. Kf2 Ke6 49. Ra5 Kd6 50.
Ke3 Kc6 51. Kf4 Kb6 52. Ra1 Kc6 53. Kf5 Kb6 54. Kg6 Kc6 55. f4 Kb6 56. g5 hxg5 57. fxg5 Kc6 58. h6 gxh6 59. gxh6 Kb6 60. h7 1-0

[Event "*** Titled Tuesday Blitz"]
[Site "Chess.com"]
[Date "2018.11.06"]
[Round "10"]
[White "juniortay"]
[Black "AttackSparrow"]
[Result "1-0"]
[WhiteElo "2372"]
[BlackElo "2209"]
[TimeControl "180+2"]
[EndTime "15:17:52 PST"]
[Termination "juniortay won by resignation"]

1. e4 c5 2. Nf3 d6 3. d4 cxd4 4. Qxd4 Nc6 5. Bb5 a6 6. Bxc6+ bxc6 7. c4 e5 8. Qd3 Be7 9. Nc3 Nf6 10. Bg5 O-O 11.
O-O Qc7 12. Rfd1 Rd8 13. Rab1 Bg4 14. h3 Bh5 15. b4 Rab8 16. a4 h6 17. Bh4 Qa7 18. g4 Bg6 19. Qe2 a5 20. b5 Qc5 21.
Bxf6 Bxf6 22. bxc6 Be7 23. Nd5 Rxb1 24. Rxb1 Bf8 25.
c7 Rc8 26. Rb8 Rxc7 27. Nxc7 Qxc7 28. Rb5 Qc6 29. Nd2 Qc7 30. Qd3 Be7 31. Qd5 h5 32. Qb7 Qxb7 33. Rxb7 Bg5 34. Nf3 Be7 35. Rxe7 Bxe4 36. Re8+ 1-0

[Event "*** Titled Tuesday Blitz"]
[Site "Chess.com"]
[Date "2018.11.06"]
[Round "10"]
[White "MatyChess1"]
[Black "bascheyaro"]
[Result "1-0"]
[WhiteElo "2541"]
[BlackElo "2688"]
[TimeControl "180+2"]
[EndTime "15:17:54 PST"]
[Termination "MatyChess1 won by resignation"]

1. e4 e6 2. d3 d5 3. Qe2 Nf6 4. Nf3 c5 5. g3 Nc6 6. Bg2 g6 7. O-O Bg7 8. e5 Nd7 9. Bf4 h6 10. h4 Qb6 11. c4 dxc4 12. dxc4 g5 13. hxg5 hxg5 14. Bxg5 Ndxe5 15. Nxe5 Nxe5 16. Nc3 Bd7 17. Ne4 Ng6 18. Nf6+ Bxf6 19. Bxf6 Rh6 20. Qd2 Rh5 21. Rad1 Qc7 22. Be4 Bc6 23. Bxc6+ bxc6 24. Qe3 Rf5 25. Bc3 e5 26. Qxc5 Rc8 27. Rd6 Qe7 28. Rfd1 Rh5 29.
Ba5 Kf8 30. Bb4 Ke8 31. Rxg6 1-0

[Event "*** Titled Tuesday Blitz"]
[Site "Chess.com"]
[Date "2018.11.06"]
[Round "10"]
[White "santosalberto1987"]
[Black "woodhy"]
[Result "0-1"]
[WhiteElo "2398"]
[BlackElo "2440"]
[TimeControl "180+2"]
[EndTime "15:17:59 PST"]
[Termination "woodhy won by resignation"]

1. e4 e6 2. d4 d5 3. Nc3 Bb4 4. e5 c5 5. a3 Bxc3+ 6. bxc3 Ne7 7. Nf3 b6 8. a4 Ba6 9. Bb5+ Bxb5 10. axb5 Qd7 11. Rb1 O-O 12. O-O a6 13. Qe2 Qc7 14.
Bg5 h6 15. Bxe7 Qxe7 16. bxa6 Rxa6 17. Rb3 c4 18. Rb2 Nc6 19. Rfb1 Qc7 20. h4 Rfa8 21. Nh2 Ra1 22. Ng4 Rxb1+ 23. Rxb1 Qb7 24. h5 b5 25. f4 Ra3 26. f5 exf5 27. Ne3 Ne7 28. Qd2 f4 29. Ng4 Qd7 30. Qxf4 Rxc3 31. Ra1 Qf5 32.
Nxh6+ gxh6 33. Qxh6 Rxc2 34. Ra8+ Nc8 35. Rxc8+ Qxc8 36. Qg5+ Kf8 37. Qh6+ Ke8 0-1